 Dungeon Crawl Stone Soup version 0.25-a0-834-g55863b0b92 (webtiles) character file.

Game seed: 11944955560996366906, levelgen mode: deterministic

9 Morbidden the Skirmisher (level 2, 24/24 HPs)
             Began as a Demonspawn Fighter on Apr 22, 2020.
             Quit the game on level 1 of the Dungeon.
             The game lasted 00:00:32 (260 turns).

Morbidden the Skirmisher (Demonspawn Fighter)        Turns: 260, Time: 00:00:32

Health: 24/24      AC:  7    Str: 16    XL:     2   Next: 3%
Magic:  2/2        EV:  6    Int:  9    God:
Gold:   15         SH:  8    Dex: 12    Spells: 1/1 levels left

rFire    . . .     SeeInvis .   a - +0 long sword
rCold    . . .     Gourm    .   c - +0 kite shield
rNeg     . . .     Faith    .   b - +0 scale mail
rPois    .         Spirit   .   (helmet restricted)
rElec    .         Reflect  .   h - +0 cloak
rCorr    .         Harm     .   (no gloves)
MR       .....                  (no boots)
Stlth    ..........             (no amulet)
HPRegen  0.08/turn              (no ring)
MPRegen  0.08/turn              (no ring)

@: no status effects
A: antennae 1
a: no special abilities


You were on level 1 of the Dungeon.
You were not hungry.

You visited 1 branch of the dungeon, and saw 1 of its levels.

You collected 15 gold pieces.

Inventory:

Hand Weapons
 a - a +0 long sword (weapon)
Armour
 b - a +0 scale mail (worn)
 c - a +0 kite shield (worn)
 h - a +0 cloak (worn)
Scrolls
 j - a scroll of identify {unknown}
 k - 2 scrolls of enchant weapon {unknown}
Potions
 d - a potion of might
 e - 2 potions of mutation {unknown}
 i - a potion of lignification {unknown}
Comestibles
 f - 2 rations
 g - 6 chunks of flesh


   Skills:
 + Level 3.1 Fighting
 * Level 2.1 Long Blades
 + Level 2.8 Armour
 + Level 2.8 Shields


You had one spell level left.
You didn't know any spells.
Your spell library was empty.

Dungeon Overview and Level Annotations

Branches:
Dungeon (1/15)

Altars:


Innate Abilities, Weirdness & Mutations

You have a pair of small antennae on your head.


Message History

The bat is heavily wounded.
You block the bat's attack. The bat barely misses you.
You block the bat's attack.
You closely miss the bat.
The bat is moderately wounded.
The bat hits you but does no damage. You block the bat's attack.
The bat hits you but does no damage.
You closely miss the bat. The bat hits you but does no damage.
The bat closely misses you. The bat hits you but does no damage.
You slash the bat!
You kill the bat!
You have reached level 2!
Your demonic ancestry asserts itself...
A pair of antennae grows on your head!
Quiver which item? (- for none, * to show all) (? for menu, Esc to quit)
Okay, then.
Unknown command.
Are you sure you want to abandon this character and quit the game? (Confirm with "yes".)

................# #.#
#..#..#..#####..# #.#
................# #.#
..#.....#..###..######.####
##.###.#.##............$..#
#.8.###.⌠.##.#...##.##.####
##.#.###.####........#.#
#.#.#.#.#.# #...#.#..#.#
.###.♣.###.⌠.#..@......#
#.#.#.#.# #.#..........#
##.#.# #.####...#.#..###
#.⌠.# ⌠.##....#.#..# ##.#
##..#..#.#..# ..#.
....#..#.#..# .... ...
...#.#..# ..### .#
##..#.#..# .... #..#


There were no monsters in sight!

Vanquished Creatures
  2 bats (D:1)
  2 goblins (D:1)
  2 hobgoblins (D:1)
  A frilled lizard (D:1)
7 creatures vanquished.

Notes
Turn   | Place    | Note
-------+----------+-------------------------------------------
     0 | D:1      | Morbidden the Demonspawn Fighter began the quest for the
                  | Orb.
     0 | D:1      | Reached XP level 1. HP: 18/18 MP: 1/1
   259 | D:1      | Gained mutation: You have a pair of small antennae on your
                  | head. [demonic ancestry]
   259 | D:1      | Reached XP level 2. HP: 24/24 MP: 2/2
   260 | D:1      | Quit the game

Levels and vault maps discovered:
D:1:      onia_arrival_mini_maze_b, layout_basic, grunt_decor_mini_mirrors

Skill      XL: |  1 |
---------------+----+-----
Long Blades    | 2 |  2.1
Fighting       | |  3.1
Armour         | |  2.8
Shields        | |  2.8

Action                   || total
-------------------------++-------
Melee: Long sword        ||    19
Armor: Scale mail        ||    12
Dodge: Dodged            ||     5
Block: Kite shield       ||    13
       Rpst.: Long sword ||     2

Table legend:
 A = Non-vault XP
 B = Vault XP
 C = Vault XP percentage of total XP
 D = Non-vault monster count
 E = Vault monster count
 F = Vault count percentage of total count
                 A         B        C        D         E       F
            +---------+---------+-------+---------+---------+-------
      Total |      13 |       0 |   0.0 |       7 |       0 |   0.0
            +---------+---------+-------+---------+---------+-------
        D:1 |      13 |       0 |   0.0 |       7 |       0 |   0.0
            +---------+---------+-------+---------+---------+-------
